 Dungeon Crawl Stone Soup version 0.29.0-4-gdea44cf6ec (webtiles) character file.

Game seed: 17944448354911553251

295 qw the Chopper (level 6, -1/35 HPs)
             Began as a Tengu Warper on Aug 28, 2022.
             Slain by an orc wizard
             ... wielding a +0 dagger
              (3 damage)
             ... on level 5 of the Dungeon.
             The game lasted 00:00:24 (3905 turns).

qw the Chopper (Tengu Warper)                       Turns: 3905, Time: 00:00:25

Health: -1/35      AC: 12    Str: 13    XL:     6   Next: 34%
Magic:  10/10      EV:  5    Int: 14    God:
Gold:   290        SH:  0    Dex: 19    Spells: 9/9 levels left

rFire   . . .      SeeInvis .   Y - +1 hand axe
rCold   . . .      Faith    .   (no shield)
rNeg    . . .      Spirit   .   o - +0 plate armour
rPois   .          Reflect  .   (helmet restricted)
rElec   .          Harm     .   j - +0 cloak
rCorr   .          Rampage  .   (no gloves)
Will    .....                   (boots unavailable)
Stlth   ..........              (no amulet)
HPRegen 0.11/turn               g - +6 ring of dexterity
MPRegen 0.12/turn               (no ring)

@: flying quickly and evasively, quick
A: beak, talons 3, nimble flight
a: no special abilities


You were on level 5 of the Dungeon.
You visited 1 branch of the dungeon, and saw 5 of its levels.

You collected 290 gold pieces.


Innate Abilities, Weirdness & Mutations

You have a beak for a mouth.
You have claws for feet.
Your magical nature lets you fly swiftly and evasively.


   Skills:
 - Level 2.0 Fighting
 + Level 6.2 Axes
 - Level 1.0 Throwing
 - Level 3.4 Armour
 - Level 2.1 Dodging
 - Level 2.0 Spellcasting
 - Level 2.4 Translocations


You had 9 spell levels left.
You didn't know any spells.
Your spell library contained the following spells:

 Spells                   Type           Power      Damage    Failure   Level
 Blink                    Tloc           16%        N/A       100%        2
 Gell's Gravitas          Tloc           8%         N/A       100%        3
 Lesser Beckoning         Tloc           8%         N/A       100%        3
 Teleport Other           Tloc           8%         N/A       100%        3
 Manifold Assault         Tloc           8%         N/A       100%        5

Inventory:

Hand Weapons
 m - a +0 mace
 Y - a +1 hand axe (weapon)
Armour
 j - a +0 cloak (worn)
 o - a +0 plate armour (worn)
Jewellery
 g - a +6 ring of dexterity (left hand)
Scrolls
 c - a scroll of identify
Potions
 e - a potion of berserk rage {unknown}
 f - a potion of haste {unknown}
 h - a potion of attraction {unknown}
 i - a potion of might
 k - a potion of cancellation {unknown}
 n - a potion of flight {unknown}
 q - a potion of degeneration {unknown}

Dungeon Overview and Level Annotations

Branches:
Dungeon (5/15)
 Temple: D:4-7

Altars:
Dithmenos
The Shining One

Shops:
D:3 [   D:4 (

Annotations:
D:5 Eustachio


Message History

You hear some strange, mumbled words.
A magic dart appears from out of thin air!
The magic dart hits you. The orc hits you with a +0 club.
The river rat completely misses you.
Eustachio gestures wildly while chanting.
Eustachio blinks!
You hit the river rat but do no damage.
You claw the river rat, but do no damage.
The river rat is almost dead.
You closely miss something. You hit the orc.
You kill the orc!
Something hits you but does no damage.
The river rat bites you but does no damage.
You hit the river rat.
You kill the river rat!
You hit something. You barely miss the orc.
Something hits you but does no damage.
Eustachio gestures wildly while chanting.
The orc hits you but does no damage.
You closely miss the orc wizard. You closely miss the orc. You hit something.
Something hits you. The orc hits you but does no damage.
You barely miss the orc wizard. You claw the orc wizard.
You peck the orc wizard, but do no damage.
The orc wizard is moderately wounded.
You barely miss the orc. You miss something. You hit the orc.
Something hits you but does no damage.
The orc wizard hits you but does no damage.
The orc hits you but does no damage. x2
You closely miss the orc. You claw the orc.
The orc is heavily wounded.
You hit something. You hit the orc wizard. You hit the orc.
The orc hits you with a +0 short sword. The orc barely misses you.
Something hits you but does no damage.
The orc wizard hits you but does no damage.
You closely miss the orc wizard.
The orc wizard is severely wounded.
You hit something but do no damage. You hit the orc. You barely miss the orc.
The orc wizard hits you but does no damage.
The orc closely misses you. Something hits you.
You die...

.### #.....###.##.##.....
...# #.....# #.##.##.####
.#.# ####### #.<.....# .#.#
##.....## ##.# ##..5## ##.#
##b## ...# ###r#######.
############ #{ooro......
###........#####@#o##..###.
....######......oo)# .#
##### #######.##....... #.#
.#...#. #.# r# ..... #.. ..
.## ### .. # ... ...


You could see 2 orc wizards, a crimson imp (summoned), a river rat, 3 orcs, a
bat (summoned) and a rat.

Vanquished Creatures
  A black bear (D:4)
  An orc priest (D:5)
  3 gnolls (D:4)
  2 adders
  2 river rats (D:5)
  2 worms (D:3)
  A dart slug (D:2)
  6 orcs
  9 ball pythons
  9 bats
  7 endoplasms
  6 giant cockroaches
  9 goblins
  6 hobgoblins
  3 jackals (D:4)
  10 kobolds
  7 quokkas
  2 frilled lizards (D:3)
  6 rats
92 creatures vanquished.

Vanquished Creatures (others)
  3 toadstools (D:3)
3 creatures vanquished.

Grand Total: 95 creatures vanquished

Notes
Turn   | Place    | Note
-------+----------+-------------------------------------------
     0 | D:1      | qw the Tengu Warper began the quest for the Orb.
     0 | D:1      | Reached XP level 1. HP: 12/12 MP: 4/4
     0 | D:1      | 0 ||| qw: Version: 0.1-a-89-g26bdef1
     0 | D:1      | 0 ||| qw: Game counter: 3022
     0 | D:1      | 0 ||| qw: Always use a shield: true
     0 | D:1      | 0 ||| qw: God list: Okawaru
     0 | D:1      | 0 ||| qw: Allow faded altars: false
     0 | D:1      | 0 ||| qw: Do Orc after D:15 true
     0 | D:1      | 0 ||| qw: Do second Lair branch before Depths: true
     0 | D:1      | 0 ||| qw: Lair rune preference: random
     0 | D:1      | 0 ||| qw: Plans: Normal
     0 | D:1      | 0 ||| PLANNING D:1-11
   207 | D:1      | Reached skill level 3 in Axes
   207 | D:1      | Reached XP level 2. HP: 17/17 MP: 6/6
   528 | D:1      | 528 ||| DROPPING +0 club.
   534 | D:1      | Found a faded altar of an unknown god.
   613 | D:1      | Reached XP level 3. HP: 17/21 MP: 7/7
   760 | D:1      | 760 ||| UPGRADING to +6 ring of dexterity.
   761 | D:1      | 761 ||| READING scroll labelled UFUNNO ZASO.
   762 | D:1      | 762 ||| READING scroll labelled FOZUTE APIWI.
   763 | D:1      | 763 ||| READING scroll labelled GACZEI UDGHYBUU.
   880 | D:1      | 880 ||| DROPPING scroll of blinking.
  1033 | D:2      | 1033 ||| Stepping ~*~*~tactically~*~*~ (stealth).
  1034 | D:2      | 1034 ||| Stepping ~*~*~tactically~*~*~ (stealth).
  1046 | D:2      | Reached skill level 4 in Axes
  1713 | D:2      | 1713 ||| UPGRADING to +0 cloak.
  1718 | D:2      | 1718 ||| READING 3 scrolls labelled AGGIG PETTOF.
  1721 | D:2      | 1721 ||| READING scroll labelled TUNETUEMURPH.
  1722 | D:2      | 1722 ||| READING scroll labelled ZIALUR EPLONT.
  1723 | D:2      | 1723 ||| READING 2 scrolls of teleportation.
  1809 | D:3      | 1809 ||| Stepping ~*~*~tactically~*~*~ (hiding).
  1821 | D:3      | 1821 ||| Stepping ~*~*~tactically~*~*~ (stealth).
  1822 | D:3      | 1822 ||| Stepping ~*~*~tactically~*~*~ (stealth).
  1837 | D:3      | 1837 ||| Stepping ~*~*~tactically~*~*~ (stealth).
  1871 | D:3      | 1871 ||| Stepping ~*~*~tactically~*~*~ (stealth).
  1877 | D:3      | Reached XP level 4. HP: 26/26 MP: 8/8
  1958 | D:3      | Found Joaxt's Armour Emporium.
  2430 | D:3      | 2430 ||| SHOPLISTING +1 cloak "Woapoy" {rElec rC- Regen+
                  | Str+3} (296 gold, have 211).
  2565 | D:3      | Reached skill level 5 in Axes
  2625 | D:3      | Found a glowing golden altar of the Shining One.
  2713 | D:3      | Found a shadowy altar of Dithmenos.
  2726 | D:3      | 2726 ||| UPGRADING to +0 ring mail.
  2736 | D:3      | 2736 ||| DROPPING +0 leather armour.
  2737 | D:3      | 2737 ||| UPGRADING to +0 plate armour.
  2747 | D:3      | 2747 ||| DROPPING +0 ring mail.
  2748 | D:3      | 2748 ||| READING scroll labelled ATA TUWEYDI.
  2749 | D:3      | 2749 ||| DRINKING 2 fuming emerald potions.
  2792 | D:4      | Noticed a black bear
  2803 | D:4      | Killed a black bear
  2804 | D:4      | Reached skill level 3 in Armour
  2804 | D:4      | Gained mutation: Your magical nature lets you fly swiftly
                  | and evasively. [Tengu growth]
  2804 | D:4      | Reached XP level 5. HP: 17/30 MP: 9/9
  2804 | D:4      | 2804 ||| STAIRDANCE
  2959 | D:4      | Found Kifook's Antique Weapon Emporium.
  3133 | D:4      | 3133 ||| Stepping ~*~*~tactically~*~*~ (stealth).
  3135 | D:4      | 3135 ||| Stepping ~*~*~tactically~*~*~ (stealth).
  3153 | D:4      | HP: 7/30 [gnoll/+0 club (5)]
  3154 | D:4      | 3154 ||| READING scroll of teleportation.
  3163 | D:4      | HP: 6/30 [kobold/+0 dagger (2)]
  3508 | D:4      | 3508 ||| Stepping ~*~*~tactically~*~*~ (stealth).
  3515 | D:4      | Reached XP level 6. HP: 33/35 MP: 10/10
  3743 | D:4      | 3743 ||| READING scroll labelled DAHEHO URONET.
  3744 | D:4      | 3744 ||| READING scroll labelled DOECAO YPLOAK.
  3745 | D:4      | 3745 ||| READING 2 scrolls labelled SABRISTROEMU.
  3746 | D:4      | 3746 ||| DRINKING 2 coppery potions.
  3747 | D:4      | 3747 ||| DRINKING 2 clear potions.
  3748 | D:4      | 3748 ||| DROPPING potion of invisibility.
  3749 | D:4      | 3749 ||| DROPPING scroll of amnesia.
  3750 | D:4      | 3750 ||| DROPPING potion of brilliance.
  3776 | D:5      | Entered Level 5 of the Dungeon
  3777 | D:5      | 3777 ||| PLANNING SEWER
  3870 | D:5      | 3870 ||| Stepping ~*~*~tactically~*~*~ (stealth).
  3871 | D:5      | Noticed Eustachio
  3872 | D:5      | 3872 ||| Stepping ~*~*~tactically~*~*~ (stealth).
  3873 | D:5      | 3873 ||| Stepping ~*~*~tactically~*~*~ (stealth).
  3874 | D:5      | 3874 ||| Stepping ~*~*~tactically~*~*~ (stealth).
  3878 | D:5      | 3878 ||| Stepping ~*~*~tactically~*~*~ (hiding).
  3883 | D:5      | 3883 ||| Stepping ~*~*~tactically~*~*~ (hiding).
  3884 | D:5      | 3884 ||| Stepping ~*~*~tactically~*~*~ (stealth).
  3893 | D:5      | Reached skill level 6 in Axes
  3899 | D:5      | HP: 8/35 [something/magic dart (2)]
  3902 | D:5      | HP: 3/35 [something (2)]
  3905 | D:5      | Slain by an orc wizard

Levels and vault maps discovered:
D:1:      giann_wishing_wells, layout_basic, shapermc_ecumenical_altar_venn
D:2:      layout_loops_ring, minmay_small_reverse_x
D:3:      layout_loops_ring, mainiacjoe_overflow_two_lobes, serial_shops,
          shop_statue, minmay_gold_behind_fungi, nicolae_elevator_lobby_asterisk
D:4:      layout_basic, serial_shops, shop, serial_corexii_hall,
          corexii_hall_statues_i, chequers_hall_statues_corner_a
D:5:      layout_loops_cross, minmay_temple_entry_nine_rooms,
          portal_sewer_entry_a, uniq_pikel, uniq_eustachio

Skill      XL: |  1  2  3  4  5  6 |
---------------+-------------------+-----
Axes           | 3 4 5 6 |  6.2
Armour         | 3 |  3.4
Fighting       | |  2.0
Throwing       | |  1.0
Dodging        | |  2.1
Spellcasting   | |  2.0
Translocations | |  2.4

Action                   |  1- 3 |  4- 6 || total
-------------------------+-------+-------++-------
Melee: Hand axe          |    74 |   121 ||   195
       Kick              |    27 |    40 ||    67
       Peck              |     9 |    20 ||    29
Throw: Boomerang         |     7 |       ||     7
  Use: Scroll            |     7 |     5 ||    12
       Potion            |       |     3 ||     3
Armor: Leather armour    |    19 |     1 ||    20
       Plate armour      |       |    79 ||    79
Dodge: Dodged            |    41 |    35 ||    76

Table legend:
 A = Non-vault XP
 B = Vault XP
 C = Vault XP percentage of total XP
 D = Non-vault monster count
 E = Vault monster count
 F = Vault count percentage of total count
                 A         B        C        D         E       F
            +---------+---------+-------+---------+---------+-------
      Total |     387 |      35 |   8.3 |      85 |       7 |   7.6
            +---------+---------+-------+---------+---------+-------
        D:1 |      36 |       0 |   0.0 |      20 |       0 |   0.0
        D:2 |      29 |       7 |  19.4 |      16 |       4 |  20.0
        D:3 |      51 |       0 |   0.0 |      20 |       0 |   0.0
        D:4 |     219 |       0 |   0.0 |      25 |       0 |   0.0
        D:5 |      52 |      28 |  35.0 |       4 |       3 |  42.9
            +---------+---------+-------+---------+---------+-------
